 Dungeon Crawl Stone Soup version 0.27.0-1-g7a089689b8 (webtiles) character file.

Game seed: 9940513185536659493

694 Crazydiamond the Insei (level 7, -1/44 HPs)
             Began as an Octopode Transmuter on Aug 16, 2021.
             Slain by a centaur (6 damage)
             ... on level 5 of the Dungeon.
             The game lasted 00:10:27 (4997 turns).

Crazydiamond the Insei (Octopode Transmuter)        Turns: 4997, Time: 00:10:27

Health: -1/44      AC:  2    Str: 12    XL:     7   Next: 64%
Magic:  6/11       EV: 20    Int: 15    God:
Gold:   185        SH:  0    Dex: 17    Spells: 5/11 levels left

rFire    . . .     SeeInvis .     - Unarmed
rCold    . . .     Faith    .   (shield currently unavailable)
rNeg     + . .     Spirit   .   (helmet currently unavailable)
rPois    x         Reflect  .   (no amulet)
rElec    .         Harm     .   e - ring of positive energy
rCorr    .         Rampage  .   (no ring)
Will     .....                  (no ring)
Stlth    +++.......             (no ring)
HPRegen  0.14/turn              (no ring)
MPRegen  0.12/turn              (no ring)
                                (no ring)
                                (no ring)

@: mighty, spider-form (expiring), attractive
A: venomous fangs, almost no armour, (amphibious), 8 rings, tiny, (camouflage
1), (gelatinous body 1), (nimble swimmer 1), (tentacles)
a: End Transformation


You were on level 5 of the Dungeon.
You were a venomous arachnid creature.
You visited 1 branch of the dungeon, and saw 5 of its levels.

You collected 185 gold pieces.

Inventory:

Missiles
 u - 2 poisoned darts (quivered)
Armour
 c - a +2 hat (melded)
Jewellery
 e - a ring of positive energy (left front leg)
Wands
 q - a wand of charming (8)
Scrolls
 f - a scroll of acquirement {unknown}
 g - a scroll of noise {unknown}
 h - a scroll of summoning {unknown}
 j - a scroll of amnesia {unknown}
 l - a scroll of enchant armour {unknown}
 n - a scroll of teleportation {unknown}
 o - a scroll of fog {unknown}
 r - a scroll of holy word {unknown}
 s - 2 scrolls of identify {unknown}
 v - a scroll of fear {unknown}
Potions
 a - a potion of degeneration {unknown}
 b - a potion of curing {unknown}
 d - 2 potions of might
 i - 3 potions of flight {unknown}
 k - a potion of magic {unknown}
 m - a potion of berserk rage {unknown}
 p - a potion of heal wounds {unknown}
 t - a potion of attraction


   Skills:
 + Level 1.6 Fighting
 + Level 0.2 Throwing
 + Level 3.1 Dodging
 + Level 5.4 Stealth
 + Level 6.1 Unarmed Combat
 + Level 2.9 Spellcasting
 + Level 2.8 Transmutations
 + Level 1.0 Poison Magic


You had 5 spell levels left.
You knew the following spells:

 Your Spells              Type           Power      Damage    Failure   Level
a - Beastly Appendage     Tmut           20%        N/A       17%         1
b - Wereblood             Tmut           10%        N/A       24%         2
c - Spider Form           Tmut/Pois      4%         N/A       47%         3

Your spell library contained the following spells:

 Spells                   Type           Power      Damage    Failure   Level
 Passwall                 Tmut/Erth      5%         N/A       36%         2
 Sandblast                Erth           4%         2d4       41%         1
 Summon Guardian Golem    Hex/Summ       2%         N/A       73%         3
 Ice Form                 Ice/Tmut       6%         N/A       89%         4
 Lee's Rapid Deconstruct  Erth           1%         3d5*      100%        5
 Orb of Destruction       Conj           1%         N/A       100%        7
 Spellforged Servitor     Conj/Summ      1%         N/A       100%        7


Dungeon Overview and Level Annotations

Branches:
Dungeon (5/15)
 Temple: D:4-7

Altars:
Dithmenos

Shops:
D:2 [


Innate Abilities, Weirdness & Mutations

You are a venomous arachnid creature.
You have poisonous fangs.
You are tiny and dextrous.
Your spellcasting is less reliable in this form.
Your armour is entirely melded.
You are incapable of wielding weapons or throwing items.
You cannot wear most types of armour.
((You are amphibious.))
You can wear up to eight rings at the same time.
((Your skin changes colour to match your surroundings (Stealth+).))
((Your rubbery body absorbs attacks. (AC +1, EV +1)))
((You are camouflaged near water. (Stealth+)))
((You have tentacles for arms and can constrict up to eight enemies at once.))


Message History

Casting: Spider Form (quite dangerous; 28% risk of failure)
Confirm with . or Enter, or press ? or * to list all spells.
The spell is quite dangerous to cast (28% risk of failure)!
Continue anyway?
You miscast Spider Form.
You are very lightly contaminated with residual magic.
Nothing appears to happen.
Casting: Spider Form (quite dangerous; 28% risk of failure)
Confirm with . or Enter, or press ? or * to list all spells.
The spell is quite dangerous to cast (28% risk of failure)!
Continue anyway?
You turn into a venomous arachnid creature.
Your +2 hat melds into your body.
The centaur shouts!
You bite the ogre!
The ogre looks as sick as possible!
The ogre is severely wounded.
The ogre closely misses you.
You hit the ogre.
The ogre is almost dead.
Your transformation is almost over.
The centaur wields a +0 shortbow.
The centaur shoots an arrow.
The arrow closely misses you.
The ogre hits you with a +0 giant club!!
Ouch! That really hurt!
* * * LOW HITPOINT WARNING * * *
The centaur shoots an arrow.
The arrow misses you.
You kill the ogre!
The centaur shoots an arrow.
The arrow hits you!
* * * LOW HITPOINT WARNING * * *
The centaur shoots an arrow.
The arrow closely misses you.
Your magical contamination has completely faded away.
It was a potion of might.
You feel very mighty all of a sudden.
The centaur shoots an arrow.
The arrow closely misses you.
It was a potion of attraction.
You feel attractive to monsters.
The centaur shoots an arrow.
The arrow closely misses you. The centaur is pulled toward you!
You hit the centaur.
The centaur is poisoned.
The centaur is moderately wounded.
The centaur unwields a +0 shortbow.
The centaur hits you.
You die...

+####...# ...[.....
........##### #######
........##..## ##..##..
...)[........# #.......
...........# #.......
#...##...# #.......
.####...##...# #.......
...<....cs...# #.......
((......##..########'#####
(.......##).#..#..##..####
.......c...........#...†..
...................#......
###.##..##..####..##...###
#. #..##'#####..######## .
#............'....... .
#............#.......


You could see a centaur (very poisoned).

Vanquished Creatures
  3 ogres
  A necrophage (D:4)
  A phantom (D:4)
  A scorpion (D:4)
  2 hounds (D:4)
  Jessica (D:2)
  Terence (D:2)
  3 adders
  3 worms
  4 dart slugs
  5 ball pythons
  6 endoplasms
  9 giant cockroaches
  4 goblins
  8 hobgoblins
  11 jackals
  2 quokkas (D:3)
  6 bats
  6 frilled lizards (D:2)
  6 kobolds
  5 rats
88 creatures vanquished.

Notes
Turn   | Place    | Note
-------+----------+-------------------------------------------
     0 | D:1      | Crazydiamond the Octopode Transmuter began the quest for
                  | the Orb.
     0 | D:1      | Reached XP level 1. HP: 13/13 MP: 3/3
   451 | D:1      | Reached XP level 2. HP: 16/18 MP: 5/5
   976 | D:1      | Reached XP level 3. HP: 19/23 MP: 6/6
  1306 | D:1      | Found a faded altar of an unknown god.
  1445 | D:2      | Noticed Jessica
  1451 | D:1      | Learned a level 2 spell: Wereblood
  1455 | D:1      | Learned a level 3 spell: Spider Form
  1561 | D:2      | Found Wefeitz's Armour Boutique.
  1593 | D:2      | Reached skill level 1 in Stealth
  1741 | D:2      | Killed Jessica
  1742 | D:2      | Reached skill level 4 in Unarmed Combat
  1742 | D:2      | Reached XP level 4. HP: 28/28 MP: 3/7
  2005 | D:2      | Noticed Terence
  2013 | D:2      | Killed Terence
  2272 | D:2      | Reached XP level 5. HP: 33/33 MP: 8/8
  3014 | D:3      | Found a shadowy altar of Dithmenos.
  3595 | D:4      | Reached skill level 5 in Unarmed Combat
  3595 | D:4      | Reached XP level 6. HP: 34/38 MP: 9/9
  3984 | D:4      | Noticed a necrophage
  3998 | D:4      | Killed a necrophage
  4157 | D:4      | Reached XP level 7. HP: 3/43 MP: 7/10
  4686 | D:4      | Reached skill level 5 in Stealth
  4762 | D:4      | Reached skill level 6 in Unarmed Combat
  4762 | D:4      | Reached skill level 1 in Poison Magic
  4915 | D:5      | Entered Level 5 of the Dungeon
  4997 | D:5      | Slain by a centaur

Illustrated notes

Levels and vault maps discovered:
D:1:      dpeg_arrival_rooms_a, layout_loops_corners, serial_bayou,
          serial_bayou_pond_c, serial_bayou_ford_a, serial_bayou_lagoon_b,
          serial_bayou_lake_a, serial_bayou_crossing,
          shapermc_ecumenical_altar_mp_vishouse
D:2:      minmay_door_path, layout_rooms, serial_shops, shop,
          minmay_fountain_box, hangedman_feature_mirror, grunt_decor_one_mirror,
          uniq_jessica, uniq_terence
D:3:      layout_loops_ring, lemuel_round_altar, grunt_decor_mini_mirrors
D:4:      layout_loops_ring, kennysheep_cross_bottleneck
D:5:      layout_gridville, nicolae_ashenzari_panopticon, temple_pool_b,
          nrook_uturn, chequers_avenue

Skill      XL: |  1  2  3  4  5  6  7 |
---------------+----------------------+-----
Stealth        | 1 2 3 4 5 |  5.4
Unarmed Combat | 4 5 6 |  6.1
Dodging        | 3 |  3.1
Poison Magic   | 1 |  1.0
Fighting       | |  1.6
Throwing       | |  0.2
Spellcasting   | |  2.9
Transmutations | |  2.8

Action                   |  1- 3 |  4- 6 |  7- 9 || total
-------------------------+-------+-------+-------++-------
Melee: Unarmed           |    69 |   112 |    30 ||   211
       Constrict         |    16 |    22 |     5 ||    43
       Tentacles         |     9 |    14 |     2 ||    25
       Punch             |     4 |     3 |       ||     7
       Kick              |     2 |     5 |       ||     7
Throw: Dart              |       |       |     6 ||     6
 Cast: Beastly Appendage |     2 |     2 |       ||     4
       Spider Form       |     1 |     2 |     3 ||     6
  Use: Potion            |       |       |     2 ||     2
 Stab: Sleeping          |     7 |    12 |     1 ||    20
Armor: Skin              |     8 |    12 |     2 ||    22
Dodge: Dodged            |    25 |    71 |    20 ||   116
